 Dungeon Crawl Stone Soup version 0.29-a0-91-gdebf4667c2 (webtiles) character file.

Game seed: 17496978196684317393

2283 YayAnonymity the Fighter (level 9, -2/72 (75) HPs)
             Began as a Gnoll Berserker on Feb 7, 2022.
             Was an Elder of Trog.
             Slain by a wight (4 damage)
             ... on level 6 of the Dungeon on Feb 8, 2022.
             The game lasted 00:11:10 (7215 turns).

YayAnonymity the Fighter (Gnoll Berserker)          Turns: 7215, Time: 00:11:10

HP:   -2/72 (75)    AC: 15    Str: 19    XL:     9   Next: 39%
MP:   15/15         EV:  9    Int:  8    God:    Trog [****..]
Gold: 494           SH:  0    Dex: 12    Spells: 16/16 levels left

rFire   . . .      SeeInvis .   a - +3 short sword (drain)
rCold   . . .      Faith    .   (no shield)
rNeg    . . .      Spirit   .   x - +0 chain mail
rPois   .          Reflect  .   (no helmet)
rElec   .          Harm     .   o - +0 cloak
rCorr   .          Rampage  .   (no gloves)
Will    +....                   (no boots)
Stlth   ..........              (no amulet)
HPRegen 0.22/turn               d - ring of willpower
MPRegen 0.14/turn               p - +4 ring of protection

@: on berserk cooldown, slowed, studying Fighting, lightly drained, very slow
A: fangs 1, strong nose, distributed training
a: Renounce Religion, Berserk, Trog's Hand, Brothers in Arms


You were on level 6 of the Dungeon.
You worshipped Trog.
Trog was greatly pleased with you.
You visited 1 branch of the dungeon, and saw 6 of its levels.

You collected 494 gold pieces.

Inventory:

Hand Weapons
 a - a +3 short sword of draining (weapon)
 b - a +0 hunting sling
 l - a +1 dagger of venom
 q - a +1 triple sword
Missiles
 f - 295 stones (quivered)
 s - 6 poisoned darts
 u - a throwing net
Armour
 o - a +0 cloak (worn)
 x - a +0 chain mail (worn)
Jewellery
 d - a ring of willpower (left hand)
 e - a ring of see invisible
 p - a +4 ring of protection (right hand)
 t - an amulet of regeneration
Scrolls
 h - a scroll of enchant weapon
 i - a scroll of fear
 j - 2 scrolls of silence
 k - 3 scrolls of vulnerability
 m - 2 scrolls of blinking
 n - 3 scrolls of identify
 r - 4 scrolls of teleportation
 v - a scroll of brand weapon {unknown}
Potions
 c - 2 potions of lignification
 g - 2 potions of curing
 w - a potion of cancellation {unknown}
 z - a potion of invisibility {unknown}


   Skills:
 + Level 8.4 Fighting
 + Level 4.2 Short Blades
 + Level 4.2 Long Blades
 + Level 7.9 Axes
 + Level 4.2 Maces & Flails
 + Level 4.2 Polearms
 + Level 4.2 Staves
 + Level 4.2 Slings
 + Level 4.2 Bows
 + Level 4.2 Crossbows
 + Level 4.2 Throwing
 + Level 6.3 Armour
 + Level 6.3 Dodging
 + Level 4.2 Stealth
 + Level 4.2 Shields
 + Level 4.2 Unarmed Combat
 + Level 4.2 Spellcasting
 + Level 3.4 Conjurations
 + Level 3.4 Hexes
 + Level 3.4 Summonings
 + Level 3.4 Necromancy
 + Level 3.4 Translocations
 + Level 3.4 Transmutations
 + Level 3.4 Fire Magic
 + Level 3.4 Ice Magic
 + Level 3.4 Air Magic
 + Level 3.4 Earth Magic
 + Level 3.4 Poison Magic
 + Level 4.6 Invocations
 + Level 4.2 Evocations


You had 16 spell levels left.
You didn't know any spells.
Your spell library was empty.

Dungeon Overview and Level Annotations

Branches:
Dungeon (6/15)
 Temple: D:4-7

Altars:
Makhleb


Innate Abilities, Weirdness & Mutations

You have very sharp teeth.
Your uncanny sense of smell can sniff out nearby items.
Your experience applies equally to all skills.


Message History

You see here a hound corpse.
You feel your anger nearly subside.
Things that are here:
a +0 mace; a +0 robe You are no longer berserk.
You are exhausted.
You feel yourself slow down.
The bullfrog skeleton hits you but does no damage.
You hit the bullfrog skeleton. You punch the bullfrog skeleton.
The bullfrog skeleton is moderately damaged.
The bullfrog skeleton hits you but does no damage.
The wight barely misses you.
You puncture the bullfrog skeleton!
The bullfrog skeleton is heavily damaged.
The bullfrog skeleton hits you but does no damage. x2
The wight hits you from afar with a +1 halberd.
* * * LOW HITPOINT WARNING * * *
You hit the bullfrog skeleton.
The bullfrog skeleton is severely damaged.
The wight completely misses you.
The bullfrog skeleton hits you but does no damage.
The wight hits you from afar with a +1 halberd!
* * * LOW HITPOINT WARNING * * *
You feel drained.
* * * LOW HITPOINT WARNING * * *
The wight barely misses you.
The bullfrog skeleton barely misses you.
You completely miss the bullfrog skeleton.
You bite the bullfrog skeleton.
The bullfrog skeleton is severely damaged.
The wight closely misses you.
The bullfrog skeleton hits you but does no damage.
The wight misses you. The wight closely misses you.
You barely miss the bullfrog skeleton.
The bullfrog skeleton is severely damaged.
The bullfrog skeleton closely misses you.
The wight misses you. The bullfrog skeleton hits you.
* * * LOW HITPOINT WARNING * * *
The wight hits you from afar with a +1 halberd.
You die...

...... .. ...... #.
∆∆∆ ...... #.# ##.
#..... .. ..+ ......
##. ∆ .##..#∆ ......
#..###.....###......
#.#.Z.#...#...#.##..
#..@# .Z........#..#
##z####...........##
#z)z)z.............
#####z....#........
##...###.....##
#...##.........
#..............
##...[......)..
####...##....##...


You could see 2 wights and a bullfrog skeleton.

Vanquished Creatures
  A two-headed ogre (D:6)
  Edmund (D:6)
  A water moccasin (D:6)
  A hornet zombie (D:6)
  2 orc warriors
  An ogre (D:4)
  A centaur (D:6)
  A phantom (D:5)
  A bullfrog (D:5)
  A water moccasin skeleton (D:5)
  2 wights (D:6)
  A centaur zombie (D:6)
  2 jellies (D:5)
  3 bullfrog skeletons
  2 hounds
  A gnoll shaman (D:4)
  2 iguanas (D:5)
  3 orc wizards
  2 killer bee zombies
  16 gnolls (D:4)
  5 adders
  An ufetubus (D:6)
  2 worms (D:3)
  2 dart slugs
  7 orcs
  7 ball pythons
  4 endoplasms
  2 giant cockroaches
  29 hobgoblins
  2 jackals (D:2)
  2 quokkas
  9 bats
  2 frilled lizards
  19 goblins
  7 kobolds
  7 rats
152 creatures vanquished.

Notes
Turn   | Place    | Note
-------+----------+-------------------------------------------
     0 | D:1      | YayAnonymity the Gnoll Berserker began the quest for the
                  | Orb.
     0 | D:1      | Reached XP level 1. HP: 23/23 MP: 1/1
   506 | D:1      | Reached XP level 2. HP: 23/29 MP: 2/2
   982 | D:1      | Reached XP level 3. HP: 25/35 MP: 3/3
  1579 | D:2      | Reached ** piety under Trog
  1580 | D:2      | Reached skill level 1 in Invocations
  1941 | D:2      | Found a faded altar of an unknown god.
  1955 | D:2      | Reached skill level 1 in Short Blades
  1955 | D:2      | Reached skill level 1 in Long Blades
  1955 | D:2      | Reached skill level 1 in Maces & Flails
  1955 | D:2      | Reached skill level 1 in Polearms
  1955 | D:2      | Reached skill level 1 in Staves
  1955 | D:2      | Reached skill level 1 in Slings
  1955 | D:2      | Reached skill level 1 in Bows
  1955 | D:2      | Reached skill level 1 in Crossbows
  1955 | D:2      | Reached skill level 1 in Throwing
  1955 | D:2      | Reached skill level 1 in Stealth
  1955 | D:2      | Reached skill level 1 in Shields
  1955 | D:2      | Reached skill level 1 in Unarmed Combat
  1955 | D:2      | Reached skill level 1 in Spellcasting
  1955 | D:2      | Reached skill level 1 in Evocations
  2456 | D:3      | Reached XP level 4. HP: 32/41 MP: 5/5
  3056 | D:4      | Reached skill level 1 in Conjurations
  3056 | D:4      | Reached skill level 1 in Hexes
  3056 | D:4      | Reached skill level 1 in Summonings
  3056 | D:4      | Reached skill level 1 in Necromancy
  3056 | D:4      | Reached skill level 1 in Translocations
  3056 | D:4      | Reached skill level 1 in Transmutations
  3056 | D:4      | Reached skill level 1 in Fire Magic
  3056 | D:4      | Reached skill level 1 in Ice Magic
  3056 | D:4      | Reached skill level 1 in Air Magic
  3056 | D:4      | Reached skill level 1 in Earth Magic
  3056 | D:4      | Reached skill level 1 in Poison Magic
  3075 | D:4      | Reached XP level 5. HP: 34/47 MP: 5/7
  3218 | D:4      | Reached *** piety under Trog
  3413 | D:4      | Reached XP level 6. HP: 48/53 MP: 8/8
  3916 | D:4      | Reached skill level 5 in Armour
  3916 | D:4      | Reached skill level 5 in Dodging
  4249 | D:4      | Found a burning altar of Makhleb.
  4561 | D:4      | Reached **** piety under Trog
  4800 | D:4      | Reached XP level 7. HP: 36/59 MP: 10/10
  4980 | D:4      | Reached skill level 7 in Fighting
  5379 | D:5      | Entered Level 5 of the Dungeon
  5463 | D:5      | HP: 2/60 [killer bee zombie (5)]
  5953 | D:5      | Reached XP level 8. HP: 31/67 MP: 12/12
  6234 | D:5      | Identified a scroll of acquirement
  6234 | D:5      | Acquired a manual of Fighting
  6708 | D:6      | Noticed a two-headed ogre
  6719 | D:6      | Killed a two-headed ogre
  6720 | D:6      | Reached skill level 8 in Fighting
  6720 | D:6      | Reached XP level 9. HP: 74/74 MP: 14/14
  6977 | D:6      | Noticed Edmund
  6998 | D:6      | Killed Edmund
  7215 | D:6      | HP: 2/72 [bullfrog skeleton (2)]
  7215 | D:6      | Slain by a wight

Illustrated notes

Levels and vault maps discovered:
D:1:      roderic_octagonal_star, layout_basic
D:2:      layout_basic, chequers_ecumenical_altar_simple
D:3:      layout_basic
D:4:      minmay_goblin_kobold_castle, layout_gridville,
          mainiacjoe_overflow_small_starburst, minmay_small_thing
D:5:      layout_rooms, fountainhead
D:6:      layout_cave_pools, minmay_fractal_squares_diagonal_5,
          uniq_crazy_yiuf_cottage, uniq_edmund

Skill      XL: |  1  2  3  4  5  6  7  8  9 |
---------------+----------------------------+-----
Invocations    | 1 2 3 4 |  4.6
Short Blades   | 1 2 3 4 |  4.2
Long Blades    | 1 2 3 4 |  4.2
Maces & Flails | 1 2 3 4 |  4.2
Polearms       | 1 2 3 4 |  4.2
Staves         | 1 2 3 4 |  4.2
Slings         | 1 2 3 4 |  4.2
Bows           | 1 2 3 4 |  4.2
Crossbows      | 1 2 3 4 |  4.2
Throwing       | 1 2 3 4 |  4.2
Stealth        | 1 2 3 4 |  4.2
Shields        | 1 2 3 4 |  4.2
Unarmed Combat | 1 2 3 4 |  4.2
Spellcasting   | 1 2 3 4 |  4.2
Evocations     | 1 2 3 4 |  4.2
Conjurations   | 1 2 3 |  3.4
Hexes          | 1 2 3 |  3.4
Summonings     | 1 2 3 |  3.4
Necromancy     | 1 2 3 |  3.4
Translocations | 1 2 3 |  3.4
Transmutations | 1 2 3 |  3.4
Fire Magic     | 1 2 3 |  3.4
Ice Magic      | 1 2 3 |  3.4
Air Magic      | 1 2 3 |  3.4
Earth Magic    | 1 2 3 |  3.4
Poison Magic   | 1 2 3 |  3.4
Armour         | 5 6 |  6.3
Dodging        | 5 6 |  6.3
Fighting       | 7 8 |  8.4
Axes           | 7 |  7.9

Action                   |  1- 3 |  4- 6 |  7- 9 || total
-------------------------+-------+-------+-------++-------
Melee: Hand axe          |    83 |       |       ||    83
       Bite              |     6 |    17 |    28 ||    51
       Short sword       |    29 |   122 |   193 ||   344
       Punch             |       |     2 |    12 ||    14
       Triple sword      |       |    69 |    40 ||   109
 Fire: Hunting sling     |       |       |     1 ||     1
Invok: Berserk           |       |     3 |     3 ||     6
  Use: Scroll            |       |     4 |     7 ||    11
 Stab: Sleeping          |     3 |       |       ||     3
Armor: Animal skin       |    16 |       |       ||    16
       Ring mail         |       |    65 |       ||    65
       Chain mail        |       |       |   181 ||   181
Dodge: Dodged            |    67 |   155 |   165 ||   387
Block: Other             |    10 |    55 |     7 ||    72
       Reflection        |     1 |     1 |       ||     2

Table legend: (Time is in decaauts)
 A = Elapsed time spent in this place.
 B = Non-inter-level travel time spent in this place.
 C = Inter-level travel time spent in this place.
 D = Time resting spent in this place.
 E = Time spent auto-exploring this place.
 F = Levels seen in this place.
 G = Mean time per level.
                   A        B        C        D        E       F      G
               +--------+--------+--------+--------+--------+-----+--------+
         Total |   7330 |   6978 |    352 |    593 |   4931 |   6 | 1221.7 |
       Dungeon |   7330 |   6978 |    352 |    593 |   4931 |   6 | 1221.7 |
               +--------+--------+--------+--------+--------+-----+--------+

Top non-repeatable levels by time:
     D:4: 2492 daAuts
     D:1: 1443 daAuts
     D:5: 1246 daAuts
     D:2: 899 daAuts
     D:3: 659 daAuts
     D:6: 589 daAuts
